Map: [ESL] Alcyone

Players

Maru

  • Race: Terran Terran
  • Spawn Location: 1:00

herO - Winner!

  • Race: Protoss Protoss
  • Spawn Location: 7:00

Event: ESL SC2 Masters 2023 Winter (Finals)

VOD

Have the link to the VOD?

Description

Time

  • Played on: Dec. 16, 2023, 10:28 a.m.
  • Length: 19:10

All games in this series

Show
View Real Time Build Order
Export as new Build Order

Maru Terran 

Build Orders: Cyclone Timing 

Get SALT Encoding   

  12  0:00  SCV  
  13  0:12  SCV  
  14  0:17  Supply Depot  
  14  0:24  SCV  
  15  0:38  SCV  
  15  0:39  Barracks  
  15  0:42  Refinery  
  16  0:50  SCV  
  16  0:52  Refinery  
  17  1:02  SCV  
  18  1:14  SCV  
  19  1:26  Orbital Command, Reaper  
  20  1:39  Factory  
  20  1:42  Supply Depot  
  20  1:52  SCV  
  21  1:58  Barracks Reactor  
  21  2:04  SCV  
  22  2:16  SCV  
  23  2:27  Command Center  
  23  2:28  SCV  
  24  2:31  Starport  
  24  2:37  Marine x2  
  24  2:40  SCV  
  24  2:43  Supply Depot  
  27  2:47  Widow Mine  
  29  2:52  SCV  
  29  2:57  Marine  
  31  3:04  Marine  
  33  3:05  SCV  
  33  3:08  Medivac  
  35  3:13  Cyclone  
  35  3:18  Marine  
  38  3:22  Marine  
  39  3:38  Viking, SCV, Marine  
  39  3:40  Marine  
  44  3:46  Cyclone  
  46  3:53  SCV  
  47  3:55  Supply Depot  
  47  3:56  Marine  
  47  3:57  Marine  
  47  4:00  Orbital Command  
  49  4:05  SCV  
  50  4:12  Liberator  
  50  4:13  Marine  
  54  4:17  Marine  
  54  4:18  SCV  
  54  4:20  Supply Depot  
  54  4:24  Cyclone  
  58  4:30  SCV x2  
  60  4:35  Marine  
  60  4:36  Marine  
  62  4:42  SCV  
  62  4:44  SCV  
  60  4:54  SCV  
  60  4:56  Marine x2, SCV  
  60  4:58  Factory Tech Lab  
  60  5:06  SCV  
  60  5:08  SCV  
  59  5:15  Command Center  
  59  5:18  Starport Tech Lab, Siege Tank, SCV  
  59  5:20  SCV  
  62  5:30  SCV  
  62  5:32  SCV  
  56  5:38  Viking  
  56  5:42  SCV  
  54  5:44  SCV  
  54  5:48  Barracks x2  
  54  5:49  Refinery  
  54  5:50  Siege Tank, Refinery  
  54  5:54  SCV  
  54  5:56  Marine, SCV  
  54  5:57  Marine  
  57  5:59  Bunker  
  57  6:03  Supply Depot  
  58  6:06  SCV  
  58  6:07  Interference Matrix  
  58  6:08  Raven, SCV  
  62  6:14  Marine x2  
  62  6:17  Engineering Bay  
  64  6:18  Engineering Bay  
  64  6:19  SCV  
  64  6:20  SCV  
  64  6:22  Siege Tank  
  69  6:31  SCV  
  69  6:33  SCV  
  69  6:36  Barracks Tech Lab  
  69  6:38  Barracks Tech Lab  
  70  6:41  Barracks x2  
  70  6:43  Orbital Command, Supply Depot, SCV  
  70  6:45  SCV  
  72  6:47  Terran Infantry Weapons Level 1, Terran Infantry Armor Level 1  
  72  6:50  Raven  
  74  6:54  Marine x2  
  74  6:55  SCV  
  74  6:56  Supply Depot  
  74  6:57  SCV  
  74  6:58  Marine x2  
  74  6:59  Stimpack  
  80  7:05  Supply Depot  
  80  7:07  Combat Shield, SCV  
  81  7:09  SCV  
  81  7:12  Marine x2  
  81  7:13  Factory Reactor  
  84  7:15  Marine  
  84  7:16  Supply Depot  
  84  7:17  SCV  
  84  7:19  SCV, Supply Depot  
  84  7:22  Marauder  
  89  7:29  Orbital Command  
  89  7:30  Marine  
  89  7:33  Marine  
  89  7:34  Marauder  
  89  7:35  Starport Reactor, Marauder  
  89  7:36  Marauder, Concussive Shells  
  97  7:41  Supply Depot, SCV x2  
  99  7:48  Marauder, Marine  
  102  7:55  Marauder  
  102  7:57  Marauder x2  
  108  7:59  SCV  
  109  8:06  Supply Depot  
  109  8:08  Command Center  
  109  8:10  Marauder  
  109  8:12  Medivac x2  
  115  8:14  Supply Depot  
  115  8:16  Widow Mine, Supply Depot  
  117  8:23  Widow Mine, Marauder x3  
  117  8:24  Marine  
  126  8:28  Marine  
  126  8:31  Marauder  
  128  8:35  Supply Depot  
  128  8:37  Widow Mine  
  130  8:42  Marine  
  130  8:43  Medivac  
  130  8:44  Marauder, Widow Mine, Medivac, Marine  
  140  8:55  Marauder x2, Marine  
  144  9:01  Supply Depot  
  144  9:02  Marauder  
  139  9:12  Marine x2  
  139  9:13  Marauder  
  139  9:16  Marauder  
  137  9:17  Marine  
  137  9:23  Marauder  
  118  9:30  Marine x2  
  110  9:34  Marauder  
  110  9:36  SCV, Marauder  
  110  9:37  Marine  
  106  9:40  Viking  
  106  9:44  Marine  
  100  9:48  Widow Mine x2, Marine x2  
  100  9:51  SCV x2  
  100  9:52  Missile Turret  
  108  9:55  Marine x2  
  108  9:56  Marine  
  108  9:57  Ghost Academy  
  111  10:02  Marine  
  111  10:03  SCV  
  111  10:06  Marine x2  
  113  10:07  SCV  
  113  10:13  Marine x2  
  115  10:14  Orbital Command, Marine  
  115  10:15  SCV  
  115  10:20  Marine  
  118  10:27  Marine  
  119  10:30  Ghost x2, SCV x2  
  119  10:32  Ghost  
  119  10:34  Viking  
  129  10:37  Viking  
  129  10:40  Missile Turret  
  130  10:44  Ghost  
  130  10:45  Marine x2  
  133  10:52  Armory  
  133  10:59  Ghost  
  133  11:00  SCV, Marauder  
  133  11:01  Marauder, SCV x2  
  133  11:03  Marine x2  
  144  11:07  Viking  
  146  11:16  Refinery  
  146  11:17  SCV, Refinery  
  146  11:18  Command Center  
  149  11:21  Viking  
  149  11:23  Marine x2  
  149  11:24  Ghost  
  153  11:30  SCV x3  
  156  11:40  Marauder x3  
  156  11:41  Marine x2  
  156  11:43  Supply Depot  
  164  11:50  Terran Infantry Weapons Level 2  
  164  11:53  Supply Depot  
  164  11:54  Marauder  
  166  11:59  Viking  
  166  12:00  Viking  
  170  12:04  Ghost  
  172  12:12  Marauder x2, Marine  
  172  12:15  Marauder  
  179  12:24  Marine  
  179  12:29  Viking, Marine  
  182  12:32  Ghost  
  182  12:33  Marine  
  182  12:36  Medivac  
  184  12:41  Ghost  
  184  12:47  Marine x2  
  184  12:49  Marauder  
  190  12:51  Marauder  
  190  12:59  Terran Infantry Armor Level 2, Medivac  
  190  13:01  Marine  
  190  13:05  Marine  
  193  13:06  Viking  
  193  13:09  Terran Ship Weapons Level 1  
  196  13:15  Planetary Fortress  
  176  13:27  Ghost  
  176  13:28  Marine x2  
  176  13:29  Viking, Marine x3  
  183  13:43  SCV x3  
  183  13:47  Marauder  
  188  13:55  SCV, Marine x2  
  170  13:56  Marauder x2  
  170  14:02  Marine  
  156  14:08  Marauder  
  156  14:09  Medivac x2  
  121  14:13  Marine x2  
  121  14:16  SCV  
  121  14:17  Marauder x2, SCV x2  
  106  14:20  Marine  
  99  14:29  Marine  
  99  14:31  Marine  
  101  14:32  Marine  
  101  14:37  Ghost x2, Widow Mine  
  108  14:45  Ghost  
  108  14:47  Widow Mine  
  108  14:48  Marine  
  113  14:58  Widow Mine  
  113  15:01  Marine  
  113  15:06  Marauder  
  118  15:07  Ghost, Marauder  
  118  15:08  Widow Mine  
  122  15:19  Widow Mine, Marauder, Marine x2  
  128  15:23  Medivac  
  128  15:27  Marine  
  131  15:30  Widow Mine  
  131  15:32  Terran Infantry Weapons Level 3  
  133  15:41  Widow Mine  
  135  15:43  Marine  
  135  15:44  Marauder  
  135  15:46  Ghost  
  135  15:47  Viking  
  141  15:50  Marauder, Marine x2  
  143  16:04  Ghost  
  145  16:15  Missile Turret  
  145  16:17  Ghost  
  147  16:19  Marine x2, Marauder x2  
  147  16:22  SCV x4  
  154  16:30  Viking  
  153  16:33  Marine  
  153  16:34  SCV  
  153  16:39  Viking  
  157  16:40  Marauder  
  146  17:00  Viking  
  108  17:09  Viking, Orbital Command  
  108  17:11  Marauder, Marine x3  
  108  17:12  Marauder, Marine  
  80  17:29  Ghost, Marine x3  
  82  17:33  Marine x2  
  83  17:46  Marine  
  83  17:48  Marauder  
  90  17:51  Widow Mine x2  
  90  17:57  Marine x2  
  92  18:02  Ghost  
  92  18:04  Marine x2  
  96  18:13  Marauder  
  96  18:14  Marine  
  96  18:17  SCV x3  
  102  18:21  Marine  
  102  18:22  Marauder, Marine  
  106  18:31  Marine  
  106  18:32  Marine  
  102  18:34  Marine  
  102  18:37  SCV x3  
  102  18:39  Marine  
  102  18:40  Marine  
  106  18:44  Marauder  
  106  18:49  Marine  
  106  18:50  SCV, Marine  
Show
View Real Time Build Order
Export as new Build Order

herO Protoss - Winner!

Build Orders: 1 Gate Expand, Phoenix Opening, Colossus Rush 

Get SALT Encoding   

  12  0:00  Probe  
  13  0:12  Probe  
  14  0:17  Pylon  
  14  0:24  Probe  
  15  0:35  Gateway  
  15  0:36  Probe (Chrono Boost)  
  15  0:42  Assimilator  
  16  0:48  Probe (Chrono Boost)  
  17  0:55  Probe (Chrono Boost)  
  18  1:03  Probe  
  19  1:15  Probe  
  20  1:22  Zealot  
  20  1:23  Cybernetics Core  
  22  1:38  Nexus  
  22  1:44  Pylon  
  22  1:47  Probe  
  22  1:52  Assimilator  
  23  1:59  Adept (Chrono Boost)  
  23  2:02  Probe  
  26  2:14  Probe  
  27  2:21  Adept (Chrono Boost)  
  29  2:26  Probe  
  29  2:29  Stargate  
  30  2:36  Warp Gate  
  30  2:38  Probe  
  31  2:50  Probe x2  
  35  3:02  Probe  
  35  3:03  Probe  
  37  3:14  Phoenix, Probe (Chrono Boost)  
  37  3:15  Probe (Chrono Boost)  
  39  3:20  Robotics Facility  
  39  3:25  Probe x2 (Chrono Boost)  
  41  3:29  Probe (Chrono Boost)  
  41  3:30  Pylon, Probe (Chrono Boost)  
  43  3:39  Phoenix  
  43  3:40  Probe  
  46  3:43  Pylon  
  46  3:47  Gateway  
  46  3:48  Probe  
  47  3:49  Assimilator  
  47  3:51  Assimilator  
  47  3:52  Shield Battery  
  47  3:56  Probe  
  47  4:00  Probe  
  49  4:05  Immortal (Chrono Boost)  
  53  4:10  Probe  
  53  4:12  Probe  
  55  4:18  Robotics Bay  
  55  4:22  Probe  
  56  4:24  Probe  
  56  4:25  Pylon  
  56  4:27  Stalker  
  59  4:41  Stalker  
  59  4:43  Immortal (Chrono Boost), Probe x2  
  65  4:57  Stalker  
  65  4:59  Phoenix  
  63  5:01  Probe x2  
  65  5:09  Stalker  
  65  5:20  Pylon  
  65  5:31  Pylon x2  
  65  5:38  Observer (Chrono Boost), Phoenix (Chrono Boost)  
  65  5:42  Probe  
  64  5:44  Stalker x2  
  64  5:49  Probe  
  67  5:50  Colossus (Chrono Boost)  
  67  5:54  Probe  
  67  5:56  Phoenix (Chrono Boost)  
  70  6:01  Probe  
  73  6:06  Probe  
  73  6:09  Nexus  
  74  6:12  Pylon  
  74  6:17  Probe  
  75  6:18  Probe  
  75  6:19  Extended Thermal Lance  
  75  6:24  Phoenix  
  78  6:31  Probe  
  80  6:36  Observer  
  80  6:40  Colossus (Chrono Boost)  
  80  6:44  Forge  
  85  6:49  Twilight Council  
  85  6:54  Gateway  
  85  7:01  Phoenix  
  85  7:07  Gateway x2  
  87  7:13  Charge (Chrono Boost)  
  87  7:20  Colossus (Chrono Boost)  
  94  7:26  Observer  
  94  7:29  Pylon  
  93  7:30  Protoss Ground Weapons Level 1 (Chrono Boost)  
  93  7:33  Gateway  
  93  7:37  Zealot x2  
  93  7:40  Gateway  
  97  7:45  Phoenix  
  98  7:52  Gateway  
  98  8:00  Warp Prism (Chrono Boost)  
  100  8:08  Zealot x3  
  100  8:10  Probe x2  
  100  8:11  Probe  
  109  8:13  Pylon  
  109  8:16  Phoenix  
  111  8:20  Sentry x2  
  111  8:24  Probe x2  
  117  8:29  Pylon  
  117  8:31  Probe  
  120  8:41  Phoenix  
  120  8:46  Zealot x2  
  120  8:47  Zealot x2  
  128  8:51  Zealot  
  130  8:57  Zealot  
  132  9:11  Phoenix  
  112  9:20  Zealot x8  
  112  9:22  Colossus (Chrono Boost)  
  104  9:29  Protoss Ground Weapons Level 2 (Chrono Boost)  
  94  9:36  Phoenix  
  86  9:53  Sentry x2  
  86  9:54  Zealot x5  
  86  9:56  Blink (Chrono Boost)  
  100  10:06  Colossus (Chrono Boost)  
  108  10:24  Nexus  
  108  10:26  Pylon  
  108  10:29  Sentry, Stalker x2  
  112  10:36  Probe  
  112  10:37  Probe x2  
  112  10:39  Zealot  
  112  10:41  Pylon  
  117  10:44  Immortal (Chrono Boost)  
  117  10:49  Sentry, Zealot  
  123  10:52  Probe x2  
  123  10:53  Probe  
  123  10:56  Shield Battery  
  126  11:00  Unknown  
  126  11:05  Zealot  
  126  11:06  Templar Archives  
  126  11:08  Zealot  
  128  11:16  Protoss Ground Armor Level 1 (Chrono Boost), Immortal  
  132  11:21  Probe  
  132  11:22  Probe x2  
  135  11:27  Stalker x2  
  139  11:35  Zealot x2  
  143  11:42  Gateway x2  
  143  11:55  Observer (Chrono Boost)  
  143  11:59  Stalker x2  
  143  12:00  Stalker x3  
  154  12:04  Zealot x2  
  156  12:14  Immortal (Chrono Boost)  
  160  12:27  Zealot x2  
  164  12:34  Pylon  
  164  12:35  Pylon  
  156  12:40  Pylon  
  156  12:42  Disruptor (Chrono Boost)  
  156  12:43  Robotics Facility  
  156  12:44  Forge  
  160  12:55  High Templar x4  
  160  12:57  Zealot x6  
  180  13:00  Photon Cannon  
  180  13:01  Archon x2, Pylon  
  178  13:13  Disruptor (Chrono Boost)  
  152  13:20  Stalker x3  
  152  13:21  Zealot, Protoss Ground Weapons Level 3 (Chrono Boost)  
  160  13:30  Zealot x6  
  172  13:37  Protoss Ground Armor Level 2 (Chrono Boost)  
  172  13:40  Disruptor  
  171  13:45  Zealot  
  171  13:46  Zealot x3  
  171  13:48  Observer  
  174  13:58  Zealot x4  
  156  14:04  Zealot x2  
  156  14:07  Zealot x4  
  118  14:15  Colossus (Chrono Boost)  
  100  14:18  Colossus (Chrono Boost)  
  98  14:37  Nexus  
  96  14:40  Probe x4  
  96  14:42  Sentry x2, Zealot, Pylon  
  96  14:43  Zealot  
  108  14:47  Colossus (Chrono Boost)  
  108  14:53  Colossus (Chrono Boost)  
  114  15:13  High Templar x2, Stalker  
  114  15:14  Stalker x2  
  124  15:23  Shield Battery, Stalker x3  
  130  15:29  Archon  
  130  15:31  Warp Prism (Chrono Boost)  
  132  15:38  Stalker x2  
  132  15:39  Probe x3  
  132  15:40  Probe  
  141  15:44  Observer (Chrono Boost)  
  141  15:49  Stalker x2  
  145  15:50  Stalker  
  145  15:54  Stalker  
  149  15:59  Observer, Probe x2  
  149  16:15  Stalker x6  
  149  16:16  Zealot  
  149  16:18  Zealot  
  163  16:35  Zealot  
  163  16:36  Zealot  
  163  16:38  Zealot x7  
  181  16:41  Disruptor x2  
  187  16:58  Zealot x6  
  153  17:11  Disruptor x2 (Chrono Boost)  
  123  17:22  Zealot x9  
  129  17:24  Probe x3  
  129  17:25  Assimilator x2, Probe x2  
  134  17:35  Photon Cannon  
  134  17:44  Zealot x9, Disruptor (Chrono Boost)  
  150  17:58  Disruptor (Chrono Boost)  
  150  17:59  Gateway  
  150  18:05  Nexus  
  154  18:07  Pylon  
  154  18:10  Disruptor (Chrono Boost), Pylon  
  158  18:15  Zealot x3, Stalker x3  
  166  18:26  Zealot x3  
  178  18:45  Zealot x6  
  178  18:46  Zealot x3  
  188  18:50  Photon Cannon  
  188  18:51  Shield Battery  
  188  19:06  Nexus  
  188  19:07  Pylon  
Tags
 
Add a new tag
Caveats
  • Supply blocks, unpowered buildings, or Contaminate may cause inaccurate times.
  • Supply counts are checked every 10 seconds.